Map: Acropolis LE

Players

pHARM

  • Race: Zerg Zerg
  • League: Platinum
  • Spawn Location: 5:00

cassius - Winner!

  • Race: Terran Terran
  • League: Diamond
  • Spawn Location: 11:00

VOD

Have the link to the VOD?

Description

Time

  • Played on: Aug. 5, 2019, 2:30 a.m.
  • Length: 18:50
Show
View Real Time Build Order
Export as new Build Order

pHARM Zerg 

Build Orders: Hatch First 

Get SALT Encoding   

  12  0:01  Drone  
  13  0:12  Overlord  
  13  0:20  Drone  
  14  0:31  Drone x2  
  16  0:37  Drone  
  17  0:54  Hatchery  
  16  1:01  Drone  
  17  1:13  Drone  
  17  1:16  Spawning Pool  
  17  1:17  Drone  
  18  1:35  Drone x2  
  20  1:42  Extractor  
  19  1:55  Drone  
  19  1:56  Overlord  
  20  2:04  Queen  
  20  2:06  Zergling x2  
  20  2:07  Queen  
  25  2:10  Drone  
  26  2:33  Spore Crawler  
  26  2:36  Spore Crawler  
  24  2:40  Drone x6  
  31  2:54  Drone x2  
  34  3:05  Drone x2  
  35  3:19  Evolution Chamber  
  34  3:26  Drone  
  36  3:27  Drone  
  36  3:28  Overlord  
  36  3:29  Overlord  
  36  3:37  Roach Warren  
  36  3:38  Lair  
  35  3:45  Zerg Missile Weapons Level 1  
  35  3:46  Queen  
  38  3:48  Drone x7  
  38  3:52  Extractor  
  38  3:55  Extractor  
  42  4:33  Drone  
  42  4:34  Drone x4  
  47  4:43  Roach x2  
  51  4:46  Overlord x2  
  51  4:51  Glial Reconstitution  
  51  5:06  Pneumatized Carapace  
  51  5:08  Roach x7  
  65  5:33  Roach  
  65  5:34  Overlord x2  
  67  5:36  Hatchery  
  67  5:40  Drone  
  67  5:53  Roach x6  
  75  6:00  Roach  
  69  6:10  Roach x2  
  73  6:34  Hatchery  
  70  7:03  Hydralisk Den  
  65  7:19  Roach x12  
  71  7:37  Roach x2  
  71  7:38  Roach x8  
  89  7:48  Queen  
  91  7:53  Grooved Spines  
  91  7:58  Extractor  
  90  8:03  Baneling Nest  
  90  8:04  Drone  
  90  8:05  Drone x6  
  96  8:21  Spore Crawler  
  96  8:22  Spine Crawler  
  94  8:33  Zerg Missile Weapons Level 2  
  94  8:38  Overlord  
  94  8:39  Overlord x2  
  94  8:48  Spore Crawler x2  
  93  8:49  Spine Crawler  
  93  8:51  Drone x6, Spore Crawler  
  93  8:54  Overlord x2  
  96  8:57  Centrifical Hooks  
  96  9:00  Zergling x30  
  111  9:18  Muscular Augments  
  111  9:24  Metabolic Boost  
  111  9:26  Overlord x2  
  111  9:31  Hydralisk x2  
  111  9:32  Hydralisk x6  
  127  9:43  Baneling x20  
  127  9:46  Drone  
  127  9:47  Drone x8  
  134  10:12  Extractor  
  134  10:13  Extractor  
  126  11:01  Hydralisk  
  126  11:02  Hydralisk x8  
  143  11:14  Infestation Pit  
  108  11:55  Hatchery  
  107  12:11  Drone x5  
  107  12:12  Drone x19  
  131  12:24  Hive  
  131  12:38  Zergling x2  
  131  12:39  Zergling x22  
  131  12:44  Zerg Ground Armor Level 1  
  143  12:55  Extractor  
  143  12:58  Spore Crawler  
  141  13:00  Extractor  
  141  13:03  Spore Crawler, Spine Crawler  
  141  13:05  Spine Crawler  
  137  13:10  Spire  
  119  13:35  Spine Crawler  
  118  13:56  Overlord  
  118  13:57  Overlord x4  
  87  14:24  Roach  
  87  14:25  Roach x22  
  87  14:26  Roach x8  
  143  14:37  Corruptor  
  143  14:38  Corruptor x5, Zerg Missile Weapons Level 3  
  141  14:39  Greater Spire  
  79  15:08  Roach  
  79  15:09  Roach x8  
  62  15:21  Roach x6  
  74  15:53  Brood Lord x3  
  74  15:54  Brood Lord x2  
  74  15:56  Corruptor  
  50  16:41  Drone  
  50  16:42  Drone x12  
  63  16:49  Hatchery  
  62  17:09  Hatchery  
  49  17:55  Drone  
  49  17:56  Drone x11  
  61  18:11  Corruptor x4  
Show
View Real Time Build Order
Export as new Build Order

cassius Terran - Winner!

Build Orders: Reaper Expand 

Get SALT Encoding   

  12  0:01  SCV  
  13  0:13  SCV  
  14  0:17  Supply Depot  
  14  0:26  SCV  
  15  0:38  SCV  
  15  0:40  Barracks  
  16  0:47  Refinery  
  16  0:51  SCV  
  17  1:03  SCV  
  18  1:18  SCV  
  19  1:30  Reaper  
  20  1:32  Orbital Command  
  20  1:42  Command Center  
  20  2:01  SCV  
  21  2:07  Barracks Reactor, Barracks  
  21  2:17  SCV, Supply Depot  
  21  2:18  Refinery  
  22  2:51  SCV  
  22  2:57  Marine  
  22  2:58  Factory, Marine  
  26  3:00  Barracks Tech Lab  
  26  3:02  Orbital Command  
  26  3:04  SCV  
  26  3:15  Marine x2  
  28  3:25  Marine  
  29  3:27  Stimpack  
  29  3:28  SCV  
  29  3:30  SCV  
  29  3:33  Marine x2  
  33  3:40  SCV  
  34  3:43  SCV, Marine, Factory Reactor  
  36  3:48  Starport  
  36  3:51  Marine x2  
  36  3:54  SCV  
  39  3:56  SCV  
  39  4:01  Marine  
  41  4:06  SCV  
  41  4:08  Supply Depot  
  42  4:11  Supply Depot  
  42  4:15  Bunker  
  41  4:26  Marine x3  
  44  4:31  SCV  
  44  4:37  Medivac x2  
  49  4:41  Widow Mine  
  49  4:43  Marine  
  52  4:50  Marine x2  
  52  4:52  SCV  
  55  5:00  Supply Depot  
  55  5:03  SCV  
  56  5:08  Barracks x2  
  56  5:10  Barracks  
  56  5:11  Supply Depot  
  56  5:27  SCV  
  57  5:31  Marine  
  57  5:32  Marine x2  
  57  5:33  Medivac, Factory Tech Lab  
  57  5:34  SCV, Medivac, Supply Depot  
  65  5:39  SCV  
  65  5:40  Refinery  
  66  5:47  SCV  
  67  5:52  SCV  
  67  5:54  Barracks  
  59  6:09  SCV x2  
  61  6:14  Supply Depot  
  61  6:18  Marine  
  61  6:19  Barracks Tech Lab  
  61  6:20  Barracks Tech Lab  
  61  6:21  Barracks Reactor, SCV x2, Marine x2  
  61  6:22  Siege Tank  
  61  6:23  Medivac x2  
  73  6:33  SCV  
  76  6:40  Marauder  
  73  6:52  Marine x2  
  75  6:55  Barracks Reactor, Marine  
  75  6:56  Siege Tank, Marauder  
  75  6:57  Medivac  
  75  7:00  SCV  
  75  7:01  Refinery, SCV, Marauder  
  87  7:13  SCV  
  85  7:24  Supply Depot  
  78  7:36  Supply Depot  
  78  7:37  Supply Depot  
  78  7:39  Command Center  
  78  7:43  Barracks  
  77  7:46  SCV x2, Marine  
  77  7:47  Marine x3, Barracks, Marauder  
  77  7:48  Barracks, Marauder x2  
  86  7:57  Siege Tank, Medivac  
  92  7:58  SCV x2  
  93  8:09  Marauder  
  95  8:16  Supply Depot  
  95  8:18  Supply Depot  
  95  8:19  Marine x7  
  102  8:26  Supply Depot  
  102  8:27  Supply Depot  
  102  8:28  Marine  
  102  8:30  Marine  
  104  8:37  Marine x3  
  104  8:38  Marauder  
  104  8:39  Liberator x2  
  109  8:49  Barracks Reactor, Barracks Tech Lab  
  109  8:50  Barracks Tech Lab  
  109  8:54  Marine x3  
  109  8:55  Siege Tank, Marauder x2  
  119  8:59  Marauder  
  127  9:06  Engineering Bay  
  127  9:08  Engineering Bay  
  127  9:09  Supply Depot  
  127  9:10  Marine x4  
  127  9:11  Marauder  
  127  9:16  Marauder  
  135  9:50  Liberator  
  135  10:04  Marine  
  135  10:05  Marine x2  
  135  10:06  Siege Tank, Marauder x5  
  150  10:16  Terran Infantry Armor Level 1, Terran Infantry Weapons Level 1  
  150  10:17  Command Center  
  150  10:19  Armory  
  150  10:20  Marine x5  
  152  10:28  SCV  
  152  10:29  SCV  
  152  10:33  Marine  
  152  10:34  Marine x4  
  159  10:48  Marine x5  
  159  10:49  Marauder  
  163  11:05  Marine x2  
  165  11:19  Orbital Command  
  165  11:24  Marine x3  
  165  11:25  Refinery  
  165  11:26  Siege Tank, Marauder  
  165  11:27  Missile Turret  
  165  11:29  Refinery  
  159  11:50  Liberator x2  
  159  11:57  SCV  
  157  12:03  Marine x7  
  157  12:04  Marauder  
  172  12:13  Starport  
  172  12:14  Factory  
  172  12:16  SCV, Command Center  
  172  12:17  SCV  
  172  12:18  Command Center  
  172  12:20  Marine x3  
  172  12:21  Marauder  
  179  12:23  Terran Infantry Weapons Level 2  
  179  12:26  Terran Ship Weapons Level 1  
  179  13:01  Marine  
  180  13:06  Liberator  
  180  13:13  Marine  
  180  13:18  Marine  
  180  13:19  Marine x2  
  180  13:20  Marine x2, Marauder  
  180  13:21  Marine  
  180  13:22  Marauder  
  180  13:23  Marauder  
  180  13:24  Marauder  
  168  13:27  SCV x3, Marine  
  168  13:28  Marine  
  168  13:31  Marine  
  174  13:35  Orbital Command  
  174  13:39  SCV  
  175  13:42  Marauder  
  177  13:59  Marine  
  177  14:00  Marine x10  
  177  14:01  Marauder  
  177  14:02  Siege Tank  
  193  14:05  Planetary Fortress  
  193  14:10  Starport Reactor, Factory Tech Lab  
  175  14:49  SCV x3  
  177  14:58  Refinery  
  177  15:00  Refinery  
  139  15:11  Marine x8  
  139  15:12  Marauder  
  139  15:13  Siege Tank, Marauder x4  
  147  15:45  Barracks  
  147  15:47  Barracks  
  147  15:48  Barracks  
  132  16:36  Marine x3  
  132  16:37  Marine x9, Marauder  
  132  16:39  Viking x3  
  154  16:42  Thor x2  
  157  16:47  Barracks Reactor  
  157  16:55  Marauder x2  
  157  16:56  Barracks Reactor  
  157  16:57  Barracks Reactor  
  161  17:07  Marine x11  
  172  17:14  Viking  
  172  17:15  Viking x3  
  180  17:29  Command Center  
  180  17:30  Command Center  
  180  17:35  Command Center, Supply Depot x2  
  180  17:36  Supply Depot  
  180  17:40  Marine x11  
  180  17:41  Supply Depot  
  180  17:42  Supply Depot  
  191  17:47  Thor  
  191  17:50  Viking x3  
  177  18:13  Marine x9  
  177  18:14  Marine x3  
  177  18:16  Viking  
  197  18:21  Factory  
  197  18:22  Factory  
  197  18:24  Factory  
  197  18:25  Factory  
Tags
 
Add a new tag
Caveats
  • Supply blocks, unpowered buildings, or Contaminate may cause inaccurate times.
  • Supply counts are checked every 10 seconds.